 Dungeon Crawl Stone Soup version 0.27-a0-883-g39567a0c06 (webtiles) character file.

Game seed: 8945534611413557174

207 Kakkamies the Magician (level 5, -1/38 HPs)
             Began as a Djinni Fire Elementalist on Apr 3, 2021.
             Slain by Edmund
             ... wielding a +1 flail of holy wrath
              (7 damage)
             ... on level 4 of the Dungeon.
             The game lasted 00:26:55 (3919 turns).

Kakkamies the Magician (Djinni Fire Elementalist)   Turns: 3919, Time: 00:26:56

Health: -1/38      AC:  2    Str:  7    XL:     5   Next: 85%
Gold:   139        EV: 12    Int: 17    God:
                   SH:  0    Dex: 14

rFire    + + .     SeeInvis .   m - +0 long sword
rCold    x . .     Faith    .   (no shield)
rNeg     . . .     Spirit   .   a - +0 robe
rPois    ∞         Reflect  .   (no helmet)
rElec    .         Harm     .   (no cloak)
rCorr    .         Rampage  .   (no gloves)
Will     .....                  (boots unavailable)
Stlth    ++........             (no amulet)
HPRegen  0.12/turn              (no ring)
MPRegen  0.00/turn              (no ring)

@: flying
A: fire resistance 2, cold vulnerability 1, float, innate caster, hp casting,
extra vitality 1
a: no special abilities


You were on level 4 of the Dungeon.
You visited 1 branch of the dungeon, and saw 4 of its levels.

You collected 139 gold pieces.

Inventory:

Hand Weapons
 f - a +0 short sword
 i - a +0 flail
 l - a +0 spear
 m - a +0 long sword (weapon)
Missiles
 b - 93 stones
Armour
 a - a +0 robe (worn)
 c - a +0 ring mail
 o - a +2 chain mail of cold resistance
Wands
 r - a wand of polymorph (5)
Scrolls
 d - 3 scrolls of amnesia {unknown}
 e - 3 scrolls of teleportation {unknown}
 g - a scroll of identify
 j - a scroll of magic mapping {unknown}
 q - a scroll of fear {unknown}
 s - a scroll of enchant armour {unknown}
Potions
 h - a potion of invisibility
 k - a potion of might
 n - a potion of brilliance
 p - a potion of curing


   Skills:
 * Level 1.9 Fighting
 * Level 1.3 Long Blades
 * Level 1.0 Armour
 + Level 2.6 Dodging
 + Level 2.6 Stealth
 + Level 4.0 Spellcasting


You couldn't memorise any spells.
You knew the following spells:

 Your Spells              Type           Power      Damage    Failure   Level
a - Foxfire               Conj/Fire      68%        2x1d7     3%          1
b - Conjure Flame         Conj/Fire      17%        6-21      9%          3
c - Inner Flame           Hex/Fire       17%        N/A       9%          3
d - Sticky Flame          Conj/Fire      17%        2d4       30%         4
e - Fireball              Conj/Fire      8%         3d6       63%         5
f - Shock                 Conj/Air       68%        1d7       3%          1
g - Passwall              Tmut/Erth      14%        N/A       4%          2
Your spell library was empty.

Dungeon Overview and Level Annotations

Branches:
Dungeon (4/15)
 Temple: D:4-7

Altars:
Gozag
Nemelex Xobeh

Annotations:
D:4 Edmund


Innate Abilities, Weirdness & Mutations

You are immune to poison.
Your flesh is very heat resistant. (rF++)
You are vulnerable to cold. (rC-)
You float through the air rather than walking.
You learn spells naturally, not from books.
Your magical power is your life essence.
You have superior vitality. (+4 HP)


Message History

Casting: Shock (safe; 3% risk of failure)
Confirm with . or Enter, or press ? or * to list all spells.
Aiming: Shock (safe; 3% risk of failure)
Press: ? - help, Shift-Dir - straight line The zap hits Edmund but does no damage.
Edmund is moderately wounded.
The zap hits Edmund.
Edmund is moderately wounded.
Edmund asks, "Have you met my wondrous brother?"
Edmund hits you with a +1 flail of holy wrath!
Casting: Shock (safe; 3% risk of failure)
Confirm with . or Enter, or press ? or * to list all spells.
Aiming: Shock (safe; 3% risk of failure)
Press: ? - help, Shift-Dir - straight line The zap hits Edmund.
Edmund is moderately wounded.
The zap hits Edmund.
Edmund is heavily wounded.
Edmund hits you with a +1 flail of holy wrath.
* * * LOW HITPOINT WARNING * * *
An orc wizard comes into view. It is wielding a +0 dagger.
Casting: Shock (safe; 3% risk of failure)
Confirm with . or Enter, or press ? or * to list all spells.
Aiming: Shock (safe; 3% risk of failure)
Press: ? - help, Shift-Dir - straight line The zap hits Edmund.
Edmund is heavily wounded.
The zap hits Edmund but does no damage.
Edmund is heavily wounded.
* * * LOW HITPOINT WARNING * * *
Edmund misses you.
Casting: Shock (safe; 3% risk of failure)
Confirm with . or Enter, or press ? or * to list all spells.
Aiming: Shock (safe; 3% risk of failure)
Press: ? - help, Shift-Dir - straight line The zap misses Edmund.
The zap hits Edmund.
Edmund is severely wounded.
* * * LOW HITPOINT WARNING * * *
Edmund hits you with a +1 flail of holy wrath!
You die...

#####.
#.....
#....#
#..).#
#....###
#..<#
#...#######
#..@......#
#..@.....)#
##.o......#
#.########
..# ...#
....# ..o..
#.....


You could see Edmund, an orc wizard and an orc.

Vanquished Creatures
  An ogre (D:3)
  A gnoll (D:2)
  5 adders
  A worm (D:3)
  3 dart slugs
  5 ball pythons (D:1)
  2 bats (D:3)
  6 endoplasms
  4 giant cockroaches
  2 goblins
  5 hobgoblins
  7 jackals
  3 quokkas
  2 frilled lizards (D:1)
  6 kobolds
  4 rats (D:1)
57 creatures vanquished.

Vanquished Creatures (others)
  144 foxfires
144 creatures vanquished.

Grand Total: 201 creatures vanquished

Notes
Turn   | Place    | Note
-------+----------+-------------------------------------------
     0 | D:1      | Kakkamies the Djinni Fire Elementalist began the quest for
                  | the Orb.
     0 | D:1      | Reached XP level 1. HP: 15/15 MP: 0/0
   356 | D:1      | Reached skill level 3 in Spellcasting
   393 | D:1      | Reached XP level 2. HP: 13/21 MP: 0/0
   966 | D:1      | Reached XP level 3. HP: 21/26 MP: 0/0
   966 | D:1      | Learned a level 1 spell: Shock
  1918 | D:2      | Reached skill level 1 in Fighting
  2242 | D:2      | Reached XP level 4. HP: 29/32 MP: 0/0
  2545 | D:2      | Found a faded altar of an unknown god.
  3266 | D:3      | Found a sparkling altar of Nemelex Xobeh.
  3272 | D:3      | Found an opulent altar of Gozag.
  3384 | D:3      | Reached XP level 5. HP: 34/37 MP: 0/0
  3384 | D:3      | Learned a level 2 spell: Passwall
  3506 | D:3      | Noticed an ogre
  3526 | D:3      | Killed an ogre
  3527 | D:3      | Reached skill level 1 in Long Blades
  3527 | D:3      | Reached skill level 1 in Armour
  3527 | D:3      | Reached skill level 4 in Spellcasting
  3908 | D:4      | Noticed Edmund
  3919 | D:4      | Slain by Edmund

Illustrated notes

Levels and vault maps discovered:
D:1:      zaba_arrival_water, layout_loops_ring, fountainhead
D:2:      layout_basic, basic_ecumenical_altar, minmay_tall_x
D:3:      layout_basic, grunt_temple_overflow_opulence
D:4:      layout_rooms, serial_co_window_serial, co_window_of_opportunity_a,
          co_window_corner_a, co_window_corner_a, co_window_corner_a,
          co_window_paths_b, co_window_of_opportunity_b,
          co_window_unsneaky_path_b, co_window_broadway_b, co_window_paths_c,
          co_window_of_opportunity_b, glass_columns_b, glass_columns_a,
          serial_shops, shop, uniq_edmund

Skill      XL: |  1  2  3  4  5 |
---------------+----------------+-----
Spellcasting   | 3 4 |  4.0
Fighting       | 1 |  1.9
Stealth        | 2 |  2.6
Long Blades    | 1 |  1.3
Armour         | 1 |  1.0
Dodging        | |  2.6

Action                   |  1- 3 |  4- 6 || total
-------------------------+-------+-------++-------
Melee: Unarmed           |     5 |       ||     5
       Short sword       |     8 |     1 ||     9
       Long sword        |       |     3 ||     3
Throw: Stone             |     5 |     1 ||     6
 Cast: Foxfire           |    58 |    47 ||   105
       Shock             |       |    14 ||    14
  Use: Scroll            |     1 |     3 ||     4
 Stab: Sleeping          |     3 |       ||     3
Armor: Robe              |     4 |     1 ||     5
Dodge: Dodged            |    10 |     7 ||    17
       Rpst.: Long sword |       |     1 ||     1

Table legend: (Time is in decaauts)
 A = Elapsed time spent in this place.
 B = Non-inter-level travel time spent in this place.
 C = Inter-level travel time spent in this place.
 D = Time resting spent in this place.
 E = Time spent auto-exploring this place.
 F = Levels seen in this place.
 G = Mean time per level.
                   A        B        C        D        E       F      G
               +--------+--------+--------+--------+--------+-----+--------+
         Total |   3922 |   3690 |    232 |   1516 |   1636 |   4 |  980.5 |
       Dungeon |   3922 |   3690 |    232 |   1516 |   1636 |   4 |  980.5 |
               +--------+--------+--------+--------+--------+-----+--------+

Top non-repeatable levels by time:
     D:1: 1732 daAuts
     D:3: 1179 daAuts
     D:2: 987 daAuts
     D:4: 23 daAuts
